 Dungeon Crawl Stone Soup version 0.30-a0-125-g51eefa89be (webtiles) character file.

Game seed: 12248779287706549608

3119 bande the Cleaver (level 9, -3/78 HPs)
             Began as a Hill Orc Fighter on Sept 19, 2022.
             Was a Follower of Beogh.
             Killed by nerve-wracking pain
             ... invoked by an orc priest
              (12 damage)
             ... on level 8 of the Dungeon.
             The game lasted 00:15:29 (8807 turns).

bande the Cleaver (Hill Orc Fighter)                Turns: 8807, Time: 00:15:31

Health: -3/78      AC: 14    Str: 19    XL:     9   Next: 91%
Magic:  11/11      EV:  7    Int:  8    God:    Beogh [*.....]
Gold:   440        SH:  5    Dex: 14    Spells: 8/8 levels left

rFire   + . .      SeeInvis .    a - +1 war axe (freeze)
rCold   . . .      Faith    .    c - +0 buckler
rNeg    . . .      Spirit   .    A - +0 chain mail
rPois   .          Reflect  .    q - +1 helmet
rElec   .          Harm     .    (no cloak)
rCorr   +          Rampage  .    (no gloves)
Will    .....                    h - +0 pair of boots
Stlth   ..........               (no amulet)
HPRegen 0.23/turn                j - ring of protection from fire
MPRegen 0.12/turn                f - ring of resist corrosion

@: mighty, lethally poisoned (-3 -> -6)
A: no striking features
a: Renounce Religion


You were on level 8 of the Dungeon.
You worshipped Beogh.
Beogh was aware of your devotion.
You visited 1 branch of the dungeon, and saw 8 of its levels.
You also visited: Sewer.

You collected 440 gold pieces.

Inventory:

Hand Weapons
 a - a +1 war axe of freezing (weapon)
 n - a +0 war axe
 y - a +1 flail of venom
Armour
 c - a +0 buckler (worn)
 h - a +0 pair of boots (worn)
 p - an orb of light
 q - a +1 helmet (worn)
 A - a +0 chain mail (worn)
Jewellery
 e - an amulet of magic regeneration
 f - a ring of resist corrosion (right hand)
 j - a ring of protection from fire (left hand)
 w - a +6 ring of strength
 z - a ring of magical power
Wands
 u - a wand of iceblast (3)
 x - a wand of quicksilver (5)
Scrolls
 b - 3 scrolls of enchant weapon
 o - 3 scrolls of fear
 v - 3 scrolls of teleportation
Potions
 d - 4 potions of might
 i - a potion of magic
 k - 4 potions of curing
 l - a potion of heal wounds
 m - a potion of cancellation
 r - 2 potions of attraction {unknown}
 s - 2 potions of haste
 t - 2 potions of flight


   Skills:
 + Level 6.9 Fighting
 + Level 12.0 Axes
 + Level 7.9 Armour
 + Level 5.3 Shields
 * Level 3.7 Invocations
 * Level 2.6 Evocations


You had 8 spell levels left.
You didn't know any spells.
Your spell library contained the following spells:

 Spells                   Type           Power      Damage    Failure   Level
 Summon Ice Beast         Ice/Summ       0%         N/A       100%        4
 Summon Mana Viper        Hex/Summ       0%         N/A       100%        5
 Monstrous Menagerie      Summ           0%         N/A       100%        7


Dungeon Overview and Level Annotations

Branches:
Dungeon (8/15)             Temple (0/1) D:4           Sewer (visited)
   Lair: D:8-11

Altars:
Ashenzari
Cheibriados
Elyvilon
Makhleb
Sif Muna
Trog
Vehumet

Shops:
D:6 *   D:8 [

Annotations:
D:3 3 runed translucent doors, jlumianski's ghost, amateur DsFi; timneilson's ghost, weakling GrFi


Message History

The killer bee stings you but does no damage.
You barely miss the killer bee.
You feel very sick.
The killer bee stings you but does no damage.
The killer bee barely misses you.
Unknown command.
You miss the killer bee.
You feel sick.
The killer bee stings you but does no damage.
The orc priest invokes the aid of Beogh against you.
Beogh smites you! The killer bee barely misses you.
You slash the killer bee! You freeze the killer bee.
You kill the killer bee!
Beogh accepts your kill.
You feel sick.
The orc priest looks braver for a moment.
Your Axes skill increases to level 12!
Unknown command.
You slash the killer bee! You freeze the killer bee.
The killer bee is severely wounded.
You feel sick.
The killer bee stings you but does no damage.
You block the killer bee's attack.
The orc priest invokes the aid of Beogh against you.
Beogh smites you!
* * * LOW HITPOINT WARNING * * *
You slash the killer bee! You freeze the killer bee.
You kill the killer bee!
Beogh accepts your kill.
You feel sick.
You slash the orc priest! You freeze the orc priest.
The orc priest is almost dead.
You feel sick.
The orc priest hits you but does no damage.
You closely miss the orc priest.
The orc priest is almost dead.
You feel sick.
The orc priest mumbles some strange prayers to Beogh against you.
Pain shoots through your body!
You die...
Beogh appreciates the orc priest's killing of a heretic priest.

#.....## ##.#.##
#..._.!###.#....
#..8.8..#.##.##.
#...∩........###
#.#...###.#####.
#.##### #.....).
###[# #.#)#)#.
#...# #.##.###
#@### #<#### #
#o# #.# # #o#
#.# # #o# ... .
... ..# ... #..#
... #..# .....
#..#


You could see 2 orc priests and an orc.

Vanquished Creatures
  Sigmund (D:6)
  An acid dragon (D:6)
  2 water moccasins (D:6)
  Duvessa (D:6)
  An ice beast (D:7)
  An ogre (D:7)
  3 sky beasts
  3 black bears
  A kobold brigand (Sewer)
  A bullfrog (D:7)
  3 necrophages
  5 wights (D:7)
  Dowan (D:6)
  6 killer bees (D:8)
  A gnoll bouda (D:7)
  8 hounds
  3 jellies
  4 iguanas
  3 orc wizards
  9 gnolls
  11 adders
  A river rat (D:4)
  2 shadow imps
  2 white imps
  2 ufetubi
  2 worms
  A dart slug (D:3)
  31 orcs
  8 ball pythons
  9 endoplasms
  5 giant cockroaches
  8 goblins
  7 hobgoblins
  7 quokkas
  6 bats
  4 frilled lizards
  16 kobolds
  7 rats
187 creatures vanquished.

Vanquished Creatures (others)
  An orc zombie (D:5)
1 creature vanquished.

Grand Total: 188 creatures vanquished

Notes
Turn   | Place    | Note
-------+----------+-------------------------------------------
     0 | D:1      | bande the Hill Orc Fighter began the quest for the Orb.
     0 | D:1      | Reached XP level 1. HP: 19/19 MP: 1/1
    72 | D:1      | Reached XP level 2. HP: 15/27 MP: 2/2
   545 | D:1      | Reached XP level 3. HP: 33/33 MP: 3/3
   546 | D:1      | Reached skill level 3 in Axes
   553 | D:1      | Found a faded altar of an unknown god.
  1366 | D:2      | Reached XP level 4. HP: 40/40 MP: 4/4
  1809 | D:2      | Reached skill level 4 in Axes
  2371 | D:3      | Found a burning altar of Makhleb.
  2756 | D:3      | Found a runed translucent gate.
  2756 | D:3      | Found a runed translucent gate.
  2757 | D:3      | Found a runed translucent gate.
  2758 | D:3      | Noticed timneilson's ghost (weakling GrFi)
  2758 | D:3      | Noticed jlumianski's ghost (amateur DsFi)
  2807 | D:4      | Reached XP level 5. HP: 28/46 MP: 5/5
  2862 | D:4      | Found a snail-covered altar of Cheibriados.
  2879 | D:4      | Reached skill level 5 in Axes
  2917 | D:4      | Found a staircase to the Ecumenical Temple.
  3015 | D:4      | Found a glowing drain.
  3019 | Sewer    | Entered a sewer
  3269 | Sewer    | Reached XP level 6. HP: 42/53 MP: 6/6
  3553 | Sewer    | Reached skill level 6 in Axes
  3553 | Sewer    | Reached skill level 5 in Armour
  4001 | D:4      | Found a white marble altar of Elyvilon.
  4447 | D:5      | Entered Level 5 of the Dungeon
  4684 | D:5      | Reached XP level 7. HP: 40/60 MP: 7/7
  4685 | D:5      | Reached skill level 7 in Axes
  5163 | D:5      | Reached skill level 5 in Fighting
  5269 | D:5      | Found a shimmering blue altar of Sif Muna.
  5303 | D:5      | Found a radiant altar of Vehumet.
  5303 | D:5      | Found a bloodstained altar of Trog.
  5325 | D:5      | Reached skill level 8 in Axes
  5953 | D:6      | Noticed Sigmund
  5958 | D:6      | Killed Sigmund
  5959 | D:6      | Reached XP level 8. HP: 64/68 MP: 8/8
  5994 | D:6      | Reached skill level 9 in Axes
  6217 | D:6      | Found Weydduen's Elemental Accessories.
  6234 | D:6      | Noticed Dowan
  6235 | D:6      | Noticed Duvessa
  6246 | D:6      | Killed Duvessa
  6247 | D:6      | Reached skill level 10 in Axes
  6257 | D:6      | Killed Dowan
  6369 | D:6      | Became a worshipper of Beogh the Brigand
  6451 | D:6      | Reached skill level 5 in Shields
  6487 | D:6      | Reached XP level 9. HP: 69/75 MP: 9/9
  6686 | D:6      | Found a broken altar of Ashenzari.
  6780 | D:6      | Reached skill level 11 in Axes
  6780 | D:6      | Reached skill level 1 in Invocations
  7046 | D:7      | Reached skill level 1 in Evocations
  8701 | D:8      | Found a snail-covered altar of Cheibriados.
  8711 | D:8      | Reached * piety under Beogh
  8760 | D:8      | Found Cheibriados's Comfort Zone.
  8804 | D:8      | Reached skill level 12 in Axes
  8807 | D:8      | Killed from afar by an orc priest

Illustrated notes

Levels and vault maps discovered:
D:1:      minmay_arrival_radiant_lines, layout_basic,
          hellmonk_ecumenical_altar_arch_garden
D:2:      layout_basic
D:3:      layout_basic, bloody_makhleb, gammafunk_ghost_cemetery
D:4:      layout_basic, mainiacjoe_overflow_paths, kennysheep_mini,
          minmay_temple_entry_overgrown, gup_sewer_entry_spiral,
          hangedman_abyss_or_decor_lesser_grid, hangedman_minor_gate_pass
D:5:      layout_cave_pools, nicolae_sif_muna_little_library,
          jmf_multi_god_temple
D:6:      layout_basic, nicolae_ashenzari_skybound, nicolae_elemental_shop,
          minivault_5, kennysheep_generic_room_14, uniq_duvessa, uniq_sigmund
D:7:      layout_basic, serial_rivers, chequers_serial_rivers_large_b,
          chequers_serial_rivers_small_3, chequers_serial_rivers_micro_b,
          chequers_serial_rivers_micro_b, chequers_serial_rivers_micro_b
D:8:      layout_loops_ring, enter_bailey_8, minmay_shop_chei, uniq_grum

Skill      XL: |  1  2  3  4  5  6  7  8  9 |
---------------+----------------------------+-----
Armour         | 4 5 6 7 |  7.9
Axes           | 3 4 5 6 8 10 12 | 12.0
Fighting       | 4 5 6 |  6.9
Shields        | 4 5 |  5.3
Invocations    | 3 |  3.7
Evocations     | 2 |  2.6

Action                   |  1- 3 |  4- 6 |  7- 9 || total
-------------------------+-------+-------+-------++-------
Melee: War axe           |   102 |   233 |   276 ||   611
Invok: Convert to Beogh  |       |       |     1 ||     1
  Use: Scroll            |       |    16 |     6 ||    22
       Potion            |       |       |     3 ||     3
Armor: Scale mail        |    29 |       |       ||    29
       Chain mail        |    42 |   132 |   176 ||   350
Dodge: Dodged            |    36 |    93 |    85 ||   214
Block: Buckler           |    24 |    49 |    68 ||   141

Table legend: (Time is in decaauts)
 A = Elapsed time spent in this place.
 B = Non-inter-level travel time spent in this place.
 C = Inter-level travel time spent in this place.
 D = Time resting spent in this place.
 E = Time spent auto-exploring this place.
 F = Levels seen in this place.
 G = Mean time per level.
                   A        B        C        D        E       F      G
               +--------+--------+--------+--------+--------+-----+--------+
         Total |   9035 |   8761 |    274 |    612 |   6167 |   9 | 1003.9 |
       Dungeon |   8274 |   8000 |    274 |    435 |   5799 |   8 | 1034.2 |
         Sewer |    761 |    761 |      0 |    177 |    368 |   1 |  761.0 |
               +--------+--------+--------+--------+--------+-----+--------+

Top non-repeatable levels by time:
     D:7: 1687 daAuts
     D:5: 1519 daAuts
     D:2: 1149 daAuts
     D:6: 1087 daAuts
     D:1: 1066 daAuts
     D:4: 1016 daAuts
   Sewer: 761 daAuts
     D:3: 642 daAuts
     D:8: 105 daAuts
